 Dungeon Sprint DCSS version 0.19-a0-1922-g1e9a4c1 (webtiles) character file.

164 poirepourri the Fighter (level 5, -6/41 HPs)
             Began as a Gargoyle Fighter on Oct 24, 2016.
             Mangled by a hellwing (11 damage)
             ... summoned by a kobold demonologist
             ... in the Dungeon (Sprint III: "The Ten Rune Challenge").
             The game lasted 00:00:50 (328 turns).

poirepourri the Fighter (Gargoyle Fighter)           Turns: 328, Time: 00:00:51

Health: -6/41      AC: 10    Str: 21    XL:     5   Next: 45%
Magic:  5/5        EV:  8    Int:  8    God:
Gold:   11         SH:  9    Dex:  9    Spells: 0 memorised, 4 levels left

rFire  . . .     SeeInvis .     a - +0 flail
rCold  . . .     Gourm    .     b - +0 scale mail
rNeg   + . .     Faith    .     c - +0 shield
rPois  ∞         Spirit   .     (no helmet)
rElec  +         Reflect  .     (no cloak)
rCorr  .         Harm     .     (no gloves)
MR     .....     NoTele   +     (no boots)
Stlth  ..........               (no amulet)
                                (no ring)
                                (no ring)

@: slowed, very slow
A: negative energy resistance 1, electricity resistance, unbreathing,
petrification resistance, rot immunity, AC +4
a: no special abilities


You were in the Dungeon.
You were not hungry.

You visited 1 branch You collected 11 gold pieces.

Inventory:

Hand Weapons
 a - a +0 flail (weapon)
Armour
 b - a +0 scale mail (worn)
 c - a +0 shield (worn)
Scrolls
 k - a scroll of blinking
 l - 3 scrolls of remove curse
 n - a scroll of immolation {unknown}
 o - a scroll of magic mapping {unknown}
 r - 3 scrolls of torment {unknown}
 s - 3 scrolls of identify
Potions
 d - 2 potions of might
 e - a potion of curing
 h - a potion of haste
 i - 2 potions of magic
 m - 2 potions of mutation {unknown}
 q - a potion of cure mutation {unknown}
 t - a potion of ambrosia {unknown}
 u - a potion of invisibility {unknown}
Comestibles
 f - a bread ration
 g - a meat ration
 p - 2 royal jellies


   Skills:
 + Level 9.0 Fighting
 + Level 7.0 Maces & Flails
 - Level 3.2 Armour
 + Level 2.3 Dodging
 - Level 3.2 Shields


You had 4 spell levels left.
You didn't know any spells.

Dungeon Overview and Level Annotations

Branches:
Dungeon (1/1)

Altars:
Kikubaaqudgha
Sif Muna
Vehumet


Innate Abilities, Weirdness & Mutations

You are resistant to torment.
Your stone body is resilient. (AC +4)
You are immune to poison.
You resist negative energy. (rN+)
You are resistant to electric shocks. (rElec)
You can survive without breathing.
You are immune to petrification.
You are immune to rotting.


Message History

The wizard points at you and mumbles some strange words.
The crystal spear hits you!
Ouch! That really hurt!
The kobold demonologist mumbles some strange words.
Unknown command.
You hit the wizard but do no damage.
The wizard is almost dead.
You block the hellwing's attack. The hellwing hits you.
The wizard hits you but does no damage.
The hellwing hits you but does no damage.
You block the hellwing's attack.
Unknown command.
You hit the wizard but do no damage.
The wizard is almost dead.
You block the sixfirhy's attack. The sixfirhy hits you.
* * * LOW HITPOINT WARNING * * *
The sixfirhy shocks you. You resist.
* * * LOW HITPOINT WARNING * * *
The hellwing hits you!
You die...

#..'...♣.♣♣ ♣.#
#..#......♣ ♣♣.#
####......♣ ..#
...#....≈.♣♣♣♣.###+#+###+#
...#.†.≈≈♣♣♣...#..........
...#..≈≈≈≈.♣♣♣.'.⌠........
##)#..≈≈≈≈≈≈...#...#####
...#.≈≈≈≈≈≈....#4⌠.#
...#.≈≈≈≈≈.....#@..#
...#.≈≈≈.......#3###
####...........#Kp
...............#55_
▓▓▓▓▓▓▓▓▓▓▓▓▓▓▓▓▓▓▓▓


You could see a hellwing, a wizard, a kobold demonologist, a sixfirhy and 2
quasits.

Vanquished Creatures
  A water elemental (D)
  A scorpion (D)
  Jessica (D)
  A human (D)
  2 oozes (D)
  A rat (D)
7 creatures vanquished.

Vanquished Creatures (others)
  2 draconian scorchers (D)
  6 hellions (D)
  A yaktaur (D)
  2 plants (D)
11 creatures vanquished.

Grand Total: 18 creatures vanquished

Notes
Turn   | Place    | Note
-------+----------+-------------------------------------------
     0 | D        | poirepourri the Gargoyle Fighter began the quest for the Orb.
     0 | D        | Reached XP level 1. HP: 14/14 MP: 1/1
     7 | D        | Reached skill level 4 in Fighting
    11 | D        | Reached XP level 2. HP: 20/20 MP: 2/2
    19 | D        | Noticed Jessica
    31 | D        | Killed Jessica
    31 | D        | Reached skill level 6 in Fighting
    31 | D        | Reached XP level 3. HP: 28/28 MP: 3/3
    75 | D        | Killed a hellion
    85 | D        | Killed a hellion
    85 | D        | Killed a hellion
    86 | D        | Killed a yaktaur
    93 | D        | Reached skill level 7 in Fighting
    93 | D        | Reached skill level 1 in Dodging
    93 | D        | Killed a hellion
   126 | D        | Killed a hellion
   129 | D        | Killed a hellion
   144 | D        | Noticed a scorpion
   163 | D        | Killed a scorpion
   163 | D        | Reached skill level 8 in Fighting
   163 | D        | Reached skill level 5 in Maces & Flails
   163 | D        | Reached XP level 4. HP: 18/35 MP: 4/4
   173 | D        | Killed a white draconian scorcher
   232 | D        | Killed a white draconian scorcher
   275 | D        | Noticed a water elemental
   280 | D        | Killed a water elemental
   280 | D        | Reached skill level 9 in Fighting
   280 | D        | Reached XP level 5. HP: 41/41 MP: 5/5
   323 | D        | Found a radiant altar of Vehumet.
   323 | D        | Found a deep blue altar of Sif Muna.
   323 | D        | Found an ancient bone altar of Kikubaaqudgha.
   326 | D        | Noticed a hellwing
   327 | D        | Noticed a sixfirhy
   328 | D        | Mangled by a hellwing

Vault maps used:
D:        dungeon_sprint_mu

Skill      XL: |  1  2  3  4 |
---------------+-------------+-----
Fighting       | 4 6 8 9 |  9.0
Maces & Flails | 3 4 5 7 |  7.0
Dodging        | 1 2 |  2.3
Armour         | |  3.2
Shields        | |  3.2

Action                   |  1- 3 |  4- 6 || total
-------------------------+-------+-------++-------
Melee: Flail             |    46 |     9 ||    55
  Use: Potion            |     1 |     1 ||     2
Armor: Scale mail        |    18 |     6 ||    24
Dodge: Dodged            |    11 |     1 ||    12
Block: Shield            |    32 |     5 ||    37
